[Event "*** Titled Tuesday Blitz"]
[Site "Chess.com"]
[Date "2020.04.14"]
[Round "7"]
[White "FrogMist"]
[Black "WelshTiger"]
[Result "1-0"]
[WhiteElo "2475"]
[BlackElo "2291"]
[TimeControl "180+1"]
[EndTime "11:15:44 PDT"]
[Termination "FrogMist won by resignation"]

1. e4 c5 2. Nf3 Nc6 3. d4 cxd4 4. Nxd4 Nf6 5. Nc3 d6 6. g3 g6 7. Bg2 Bg7 8. Nb3 a5 9. a4 O-O 10. O-O Be6 11. h3 Nb4 12. Nd5 Nfxd5 13. exd5 Bf5 14. c3 Bc2 15. Qg4 Nd3 16. Nd4 Nxc1 17. Rfxc1 Bd3 18. Re1 Bf6 19. Rad1 Ba6 20. h4 Qc8 21.
Bh3 Qxg4 22. Bxg4 h5 23. Bh3 Kg7 24. Bf1 Bxf1 25. Kxf1 Rac8 26. Re4 Rc5 27. Nb3 Rc7 28. Nxa5 Rb8 29. Nc4 b5 30. axb5 Rxb5 31. Rd2 Rcc5 32. Ne3 Rc7 33. Rc4 Rcb7 34. b4 Ra7 35. Rc6 Ra3 36.
Rd3 Rxb4 37. cxb4 Rxd3 38. Ke2 Rb3 39. Rb6 Bd4 40. Rb7 Kf6 41. b5 Bc5 42. Nd1 Ra3 43. Ne3 Ra2+ 44. Kf3 Rb2 45. Rb8 Rb3 46. Ke2 e6 47. dxe6 fxe6 48. Kf3 d5 49. Ke2 Rb2+ 50. Kf1 Ke5 51. Nd1 Rb1 52. Ke2 Bd4 53. b6 Rxb6 54. Rg8 Kf6 55. Rf8+ Kg7 56. Rc8 Bf6 57. Rc7+ Kh6 58.
Kf3 Rb3+ 59. Ke2 g5 60. Rc6 gxh4 61. Rxe6 Kg6 62. gxh4 Kf5 63. Ra6 d4 64. Ra4 Be5 65. f3 Kf4 66. Rc4 Ra3 67. Nf2 Ra2+ 68. Kf1 Kxf3 69. Nd3 Ra1+ 70. Ne1+ Ke3 71. Ra4 Bg3 72.
Rxa1 Bxe1 73. Rxe1+ Kf3 74. Rd1 Ke3 75. Ke1 d3 76. Kf1 d2 77. Ra1 Kd3 78. Rd1 Kc2 79. Ke2 Kc3 80. Rxd2 1-0

[Event "*** Titled Tuesday Blitz"]
[Site "Chess.com"]
[Date "2020.04.14"]
[Round "7"]
[White "SanQui14"]
[Black "GamayevOleg"]
[Result "0-1"]
[WhiteElo "2332"]
[BlackElo "2525"]
[TimeControl "180+1"]
[EndTime "11:15:46 PDT"]
[Termination "GamayevOleg won on time"]

1. d4 d6 2. Nf3 Nf6 3. Bf4 g6 4. e3 Bg7 5. h3 O-O 6. Be2 Nc6 7. O-O Nd7 8. Bh2 e5 9. c4 exd4 10.
exd4 Nf6 11. Nc3 Bf5 12. d5 Nb8 13. Nd4 Bc8 14. Re1 Nbd7 15. Rc1 Re8 16. b4 a5 17. a3 axb4 18. axb4 Ne5 19. f4 Ned7 20. Kh1 Ne4 21. Nxe4 Rxe4 22. Nf3 Nf6 23. Bd3 Rxe1+ 24. Qxe1 Bd7 25. Bg1 b6 26. Bd4 Nh5 27. Bxg7 Kxg7 28.
c5 bxc5 29. bxc5 Nxf4 30. Be4 Qf6 31. cxd6 cxd6 32. Qc3 Rc8 33. Qxf6+ Kxf6 34. Rxc8 Bxc8 35. Nd2 Ba6 36. Bf3 Ke5 37. Ne4 h6 38. Nc3 Bc4 39.
Nd1 Bxd5 40. Bxd5 Nxd5 41. Kg1 f5 42. Kf2 g5 43. Nb2 Nf4 44. Nc4+ Ke6 45. Nd2 Nd3+ 46. Kf3 Ne5+ 47. Kf2 h5 48. Nb3 Nc6 49. Ke3 h4 50.
Nd2 d5 51. Nf3 Kf6 52. Kf2 Ne5 53. Nd4 Ng6 54. Kf3 Ne7 55. g3 hxg3 56. Kxg3 Ke5 57. Nf3+ Kf6 58. Nd4 Ng6 59. Nf3 Ne5 60. Nd4 f4+ 61. Kf2 Ng6 62. Nf3 Nh4 63. Nd4 Ke5 64.
Nc6+ Ke4 65. Nd8 Kf5 66. Nc6 Ng6 67. Nd4+ Ke4 68. Nf3 Kf5 69. Nd4+ Kf6 70. Kf3 Ne5+ 71. Kf2 g4 72. hxg4 Nxg4+ 73. Kf3 Ke5 74. Ne2 Nh2+ 75. Kf2 f3 76. Ng3 Kf4 77. Nh5+ Ke4 78. Nf6+ Kd4 79.
Nh5 Kc3 80. Ng3 d4 81. Ne4+ Kc4 82. Kg3 Kd3 0-1

[Event "*** Titled Tuesday Blitz"]
[Site "Chess.com"]
[Date "2020.04.14"]
[Round "7"]
[White "PavelChernomordik"]
[Black "Olga_Zhuravleva"]
[Result "1-0"]
[WhiteElo "2429"]
[BlackElo "2233"]
[TimeControl "180+1"]
[EndTime "11:15:46 PDT"]
[Termination "PavelChernomordik won on time"]

1. e4 e5 2. Nf3 Nc6 3. Bb5 f5 4. d4 fxe4 5. Bxc6 dxc6 6. Nxe5 Nf6 7. O-O Bd6 8. Nc3 O-O 9. Qe2 Bf5 10. Qc4+ Kh8 11. Nf7+ Rxf7 12. Qxf7 Bg6 13. Qe6 Qf8 14. Bg5 Re8 15. Qh3 Nh5 16. Rae1 h6 17. Bc1 Qf7 18. f3 exf3 19. Qxf3 Qc4 20. Rxe8+ Bxe8 21. Be3 Bg6 22. Qg4 Kh7 23. g3 Nf6 24. Qd1 Qe6 25. Qd2 Bb4 26. Bf4 Nd5 27. Be5 Qg4 28. Qe2 Qxe2 29.
Nxe2 Ne3 30. Rf8 Bxf8 31. c3 Bd6 32. Nf4 Nd5 33. Ne6 Bxe5 34. dxe5 Bf5 35. Nd8 Kg6 36. Nxb7 Bc8 37. Nc5 Kf5 38. Kf2 Kxe5 39. Nd3+ Ke4 40.
Nc5+ Kf5 41. Kf3 Nf6 42. h3 h5 43. c4 g5 44. b4 Ke5 45. h4 g4+ 46. Ke3 Bf5 47. Na6 Kd6 48. Kf4 Bd3 49. c5+ Kd7 50.
Nb8+ Ke6 51. Nxc6 Ne4 52. Nxa7 Nc3 53. Kg5 Be2 54. Kxh5 Nxa2 55. b5 Kd7 56. b6 c6 57.
Kg6 Nc3 58. h5 Na4 59. b7 Kc7 60. Nxc6 Kxb7 61. Nd4 Bd3+ 62. Kg5 Nxc5 63. Nf5 Ne6+ 64. Kf6 1-0

[Event "*** Titled Tuesday Blitz"]
[Site "Chess.com"]
[Date "2020.04.14"]
[Round "7"]
[White "desni93"]
[Black "BlackWidow515"]
[Result "0-1"]
[WhiteElo "2201"]
[BlackElo "1991"]
[TimeControl "180+1"]
[EndTime "11:15:46 PDT"]
[Termination "BlackWidow515 won on time"]

1. d4 d5 2. Nf3 Nf6 3. c4 e6 4. Nc3 Be7 5. Bg5 Nbd7 6. e3 h6 7.
Bh4 b6 8. Rc1 Bb7 9. cxd5 exd5 10.
Bd3 c5 11. O-O O-O 12. Bf5 Ne4 13. Bxe7 Qxe7 14. dxc5 Nxc3 15. Rxc3 bxc5 16. Qa4 Nb6 17. Qb5 g6 18. Bh3 Bc8 19. Bxc8 Raxc8 20. Rfc1 c4 21. Nd4 Rc5 22. Qa6 Rfc8 23. Qa3 Qd7 24. b3 Kg7 25. Qb2 Kh7 26. h3 Qc7 27. bxc4 dxc4 28. Qa3 Nd5 29. R3c2 c3 30. Ne2 Rc4 31. e4 Rxe4 32.
Nxc3 Nxc3 33. Rxc3 Re1+ 34. Rxe1 Qxc3 35. Qxc3 Rxc3 36.
Re7 Ra3 37. Rxf7+ Kg8 38. Rb7 Rxa2 39. h4 a5 40. g4 a4 41. Ra7 a3 42. Kg2 Ra1 43.
Kf3 a2 44. Kf4 Kf8 45. h5 gxh5 46. gxh5 Kg8 47. Kf5 Kf8 48. Kf6 Kg8 49. f4 Rf1 50. Rxa2 Rxf4+ 51. Kg6 Rf8 52. Ra7 Rb8 53. Ra6 Kh8 54.
Kxh6 Rc8 55. Kg6 Rb8 56. h6 Rc8 57. Rf6 Rb8 58. Re6 Rc8 59. Kf7 Kh7 0-1

[Event "*** Titled Tuesday Blitz"]
[Site "Chess.com"]
[Date "2020.04.14"]
[Round "7"]
[White "Alexander_Zubov"]
[Black "Aygehovit1992"]
[Result "0-1"]
[WhiteElo "2870"]
[BlackElo "2748"]
[TimeControl "180+1"]
[EndTime "11:15:47 PDT"]
[Termination "Aygehovit1992 won on time"]

1. d4 d6 2. e4 g6 3. Nf3 Bg7 4. Bc4 c6 5. Bb3 Nf6 6. Nbd2 Bg4 7. O-O O-O 8. Re1 Nbd7 9. e5 dxe5 10. dxe5 Nd5 11.
h3 Bxf3 12. Nxf3 Nc5 13. Bc4 h6 14. a3 a5 15. Qe2 a4 16. h4 Ne6 17. Rd1 Qa5 18.
Bxd5 cxd5 19. c3 Rfd8 20. Be3 Qa6 21. Qe1 Qc4 22. Bd4 Ra6 23. Qe3 Qb3 24. Rd2 Rc6 25.
Re1 Rc4 26. g3 Qb5 27. Kh2 Qc6 28. Qd3 b5 29. Rdd1 Qc8 30. Qe3 h5 31. Rg1 Kh7 32. Qe2 Bh6 33. Rd3 Nc5 34. Bxc5 Qxc5 35. e6 Re4 36. Qc2 Rxe6 37. Rgd1 Re4 38. Rd4 Rxd4 39. Nxd4 e6 40. Qe2 Qc4 41. Qf3 Rd7 42. Re1 Bg7 43. Qf4 e5 44. Rxe5 Bxe5 45. Qxe5 Qc7 46. Qf6 Qd6 47. Qf3 Rb7 48. Kg1 Qe5 49. Qd1 Re7 50. Kh2 Qf6 51. Kg2 Qe5 52. Kh2 Qe4 53. Qd2 Qe1 54.
Qf4 Qe4 55. Qf6 Qe5 56. Qf3 f5 57. Qd3 Qe1 58. Qf3 Re4 59. Kg2 Qd2 60. Nxf5 Qe2 61. Nd4 Qxf3+ 62. Kxf3 Re1 63. Nxb5 Rb1 64. Ke3 Rxb2 65.
Nc7 Rb3 66. Nxd5 Rxa3 67. Nb6 Ra1 0-1

[Event "*** Titled Tuesday Blitz"]
[Site "Chess.com"]
[Date "2020.04.14"]
[Round "7"]
[White "mbachez"]
[Black "MisaPap"]
[Result "1-0"]
[WhiteElo "2525"]
[BlackElo "2656"]
[TimeControl "180+1"]
[EndTime "11:15:47 PDT"]
[Termination "mbachez won on time"]

1. e4 e5 2. Nf3 Nc6 3. Bb5 a6 4. Ba4 Nf6 5. d3 b5 6. Bb3 Bb7 7. O-O Be7 8. c3 O-O 9. a4 d6 10. h3 h6 11. Re1 Re8 12. Nbd2 Bf8 13. Nf1 g6 14. Ng3 Bg7 15. Nh4 d5 16. axb5 axb5 17. Rxa8 Bxa8 18. Qf3 Na5 19. Ba2 Nxe4 20. dxe4 Qxh4 21.
exd5 Nc4 22. b3 Nd6 23. c4 bxc4 24. bxc4 e4 25. Qa3 Qd8 26. Be3 Kh7 27. c5 Nb5 28. Qb3 Nc3 29. d6 Nxa2 30. Qxa2 cxd6 31. Qxf7 Re7 32.
Qa2 dxc5 33. Bxc5 Re8 34. Be3 Qd5 35. Qe2 Qf7 36. Rc1 Bd5 37. Qb5 h5 38. h4 Ba8 39.
Qb6 Re6 40. Qa7 Qxa7 41. Bxa7 Rc6 42. Rxc6 Bxc6 43. Ne2 Bd5 44. g3 Be5 45. Be3 Bf7 46.
Bf4 Bg7 47. Kf1 Bc4 48. Ke1 Bd3 49. Kd2 Bb2 50. Ke3 Kg7 51. Bg5 Kf7 52. Nf4 Bc1+ 53. Kd4 Bb2+ 54. Ke3 Bc1+ 55. Kd4 Bd2 56. Nxd3 Bxg5 57.
Ne5+ Ke6 58. hxg5 Kf5 59. Nxg6 Kxg6 60. Kxe4 Kxg5 61. Kf3 Kf5 62. Kg2 Kg4 63. f3+ Kg5 64. Kh3 Kf5 65. Kh4 Kg6 66. f4 Kh6 67. f5 1-0

[Event "*** Titled Tuesday Blitz"]
[Site "Chess.com"]
[Date "2020.04.14"]
[Round "7"]
[White "WhiteKnight2612"]
[Black "Gahan-MG"]
[Result "0-1"]
[WhiteElo "2684"]
[BlackElo "2543"]
[TimeControl "180+1"]
[EndTime "11:15:47 PDT"]
[Termination "Gahan-MG won by checkmate"]

1. Nf3 Nf6 2. g3 g6 3. Bg2 Bg7 4. O-O O-O 5. d4 d5 6. c4 Nc6 7. Nc3 dxc4 8. d5 Na5 9. e4 c6 10. Bf4 cxd5 11. exd5 Nh5 12. Bd2 b6 13. Re1 Nb7 14. Bg5 Re8 15. Qe2 Nd6 16. Rad1 Bf5 17. Nd4 Bd3 18. Qg4 Qc8 19. Qh4 Nf6 20. Nc6 Nf5 21. Qh3 h6 22. Bc1 Bf8 23. g4 Nd6 24. f3 h5 25. Bg5 hxg4 26. Qg3 Nf5 27. Qf4 gxf3 28. Bxf3 Qd7 29. Ne5 Qd6 30. Nxd3 cxd3 31. Rxd3 Qxf4 32. Bxf4 Red8 33. Red1 Rac8 34. Nb5 a6 35. Nc7 g5 36. Be5 Nd7 37. Bg4 Nxe5 38. Bxf5 Rxc7 39. Rg3 f6 40. h4 Bh6 41. Be6+ Kg7 42.
Rd2 Rd6 43. Rh2 Rc1+ 44. Kg2 Rc2+ 45. Kh3 Rxh2+ 46. Kxh2 Rd8 47. hxg5 Bxg5 48. Rc3 b5 49. Rc7 Rh8+ 50. Kg2 Ng6 51. Ra7 Nf4+ 52. Kf3 Nxe6 53. dxe6 f5 54. Rxa6 Kf6 55. b3 Rh2 56. Rb6 Rxa2 57.
Rxb5 Kxe6 58. b4 Kf6 59. Rb6+ e6 60. b5 Ra3+ 61. Kg2 Rb3 62. Rc6 Rxb5 63. Rc8 Rb2+ 64. Kf3 Rb3+ 65. Kg2 Bf4 66. Rg8 Ke5 67. Rf8 Ke4 68.
Rg8 Rb2+ 69. Kh3 Rh2# 0-1

[Event "*** Titled Tuesday Blitz"]
[Site "Chess.com"]
[Date "2020.04.14"]
[Round "7"]
[White "albano87"]
[Black "avantage_ru"]
[Result "1-0"]
[WhiteElo "2214"]
[BlackElo "2529"]
[TimeControl "180+1"]
[EndTime "11:15:48 PDT"]
[Termination "albano87 won by resignation"]

1. d4 Nf6 2. Nf3 g6 3. g3 Bg7 4.
Bg2 c5 5. O-O cxd4 6. Nxd4 Nc6 7. c4 O-O 8. Nc3 d6 9. h3 Bd7 10. Be3 a6 11. Qd2 Rb8 12. Rac1 Re8 13. Nd5 Ne5 14. Kh2 b5 15. Nxf6+ Bxf6 16. cxb5 axb5 17. b3 h5 18. f4 h4 19. fxe5 hxg3+ 20. Kxg3 Bxe5+ 21. Kf2 e6 22. Kg1 d5 23. Bf4 Qf6 24. Bxe5 Qxe5 25.
Qf4 Qg7 26. Nc6 Bxc6 27. Rxc6 Rb7 28. e4 dxe4 29. Qxe4 Ra7 30. Rc2 Rea8 31. Rcf2 Rd8 32. Qh4 Rd4 33. Qf6 Qxf6 34. Rxf6 b4 35. Bc6 Rd8 36. Bb5 Kg7 37. Bc4 Rd2 38. R1f2 Rxf2 39. Rxf2 Rd7 40. Kf1 Rd6 41. Ke1 f5 42. Rd2 Rb6 43. Rd8 Kf6 44. Ke2 e5 45. Rg8 Rb7 46. Rd8 Ra7 47. Rb8 Rxa2+ 48. Ke1 Rh2 49. Rxb4 Rxh3 50. Rb6+ Kg5 51. Bf7 Kf4 52. Rxg6 e4 53. Rf6 Ke5 54. Re6+ Kd4 55. Rc6 f4 56. b4 Kd3 57.
Bc4+ Ke3 58. b5 f3 59. Bf1 Rh2 60. Rc3+ Kf4 61. Rb3 e3 62. b6 Rh8 63. b7 Rb8 64. Ba6 Ke4 65. Rb4+ Ke5 66. Rc4 Kd5 67. Rc8 1-0

[Event "*** Titled Tuesday Blitz"]
[Site "Chess.com"]
[Date "2020.04.14"]
[Round "7"]
[White "TranJMinh"]
[Black "Fandorine"]
[Result "0-1"]
[WhiteElo "2776"]
[BlackElo "2919"]
[TimeControl "180+1"]
[EndTime "11:15:49 PDT"]
[Termination "Fandorine won on time"]

1. d4 Nf6 2. c4 g6 3. Nc3 d5 4.
Bg5 Bg7 5. Bxf6 Bxf6 6. cxd5 c6 7. e4 O-O 8. Bc4 Bg7 9. Nge2 cxd5 10. exd5 Nd7 11.
O-O Nb6 12. Bb3 Bg4 13. Re1 Rc8 14. f3 Bf5 15. Ng3 Bd7 16. Qd3 a6 17. Rad1 Rc7 18.
Nge4 Bf5 19. Qe2 Nc8 20. Ng3 Nd6 21. Qf2 Bc8 22. Nge4 b5 23. Nc5 Kh8 24. g4 b4 25.
Ne2 Nb5 26. h3 a5 27. Kg2 Qd6 28. Ne4 Qb6 29. Rd2 Qa7 30. Red1 a4 31. Bc2 a3 32. bxa3 bxa3 33. Bb3 Bb7 34. h4 Nd6 35. h5 f5 36.
Ng5 fxg4 37. f4 h6 38. hxg6 Nf5 39. Ne6 Qb8 40. Ng3 Rd7 41. Nxf8 Qxf8 42. Nxf5 Qxf5 43. Kg3 Bxd5 44. Bxd5 Rxd5 45. Qe2 e6 46. Qxg4 Qf6 47. Rd3 Rf5 48. d5 e5 49. d6 Rxf4 50. Qh3 Qg5+ 51. Kh2 Rh4 52. d7 Rxh3+ 53. Kxh3 Bf6 54. d8=Q+ Bxd8 55. Rxd8+ Kg7 56. R1d6 Qf5+ 57. Kg3 Qg5+ 58. Kf3 Qf4+ 59.
Ke2 h5 60. R8d7+ Kg8 61. Rd8+ Kg7 62. R8d7+ Kh6 63. Rh7+ Kg5 64. Rf7 Qc4+ 65. Kf2 Qc5+ 66. Kf3 Qxd6 67. g7 Qd5+ 68. Kg3 Qxf7 69. Kh3 Qg8 0-1

[Event "*** Titled Tuesday Blitz"]
[Site "Chess.com"]
[Date "2020.04.14"]
[Round "7"]
[White "Darhild"]
[Black "vladimirdamjanovic"]
[Result "1-0"]
[WhiteElo "2704"]
[BlackElo "2537"]
[TimeControl "180+1"]
[EndTime "11:15:49 PDT"]
[Termination "Darhild won by checkmate"]

1. e4 c6 2. Nc3 d5 3. Nf3 dxe4 4. Nxe4 Nf6 5. Qe2 Nxe4 6. Qxe4 Qa5 7. Bc4 Bf5 8. Qf4 e6 9. O-O Nd7 10. d4 Bxc2 11. Ng5 Qf5 12. Qc7 Rb8 13. Re1 Be7 14. Nxe6 Qg6 15. Nc5 O-O 16. Qxd7 Bh4 17. Qh3 Bf6 18. Bd3 Bxd3 19. Qxd3 Qxd3 20. Nxd3 Bxd4 21. Be3 Bxe3 22. Rxe3 Rbd8 23. Rae1 Rd5 24. g3 g5 25. b3 Rfd8 26. Ne5 Rd1 27. Rxd1 Rxd1+ 28. Kg2 f6 29. Nc4 Kf7 30. a4 h5 31. h3 b5 32.
axb5 cxb5 33. Na5 Ra1 34. Nc6 a5 35. Re7+ Kg6 36. Ra7 a4 37. bxa4 bxa4 38. Nd4 Rd1 39. Rxa4 Rd2 40. g4 hxg4 41. hxg4 Rd3 42. f3 Rd2+ 43. Kg3 Rd1 44. Nf5 Rd7 45. Ra6 Rd1 46.
Re6 Rd2 47. Rb6 Rd1 48. Ne7+ Kf7 49. Nf5 Kg6 50. Rb2 Rd3 51. Rh2 Kf7 52. Rh7+ Ke6 53. Re7+ Kd5 54. Re4 Ra3 55. Ne7+ Kd6 56. Ng8 Ra1 57.
Nxf6 Rg1+ 58. Kf2 Ra1 59. Ne8+ Kd7 60. Ng7 Kd6 61. Nf5+ Kd5 62. Kg3 Ra2 63. Re7 Ra6 64.
Rg7 Ke5 65. Rxg5 Kf6 66. Rh5 Ra8 67. Rh6+ Kf7 68. Rb6 Kg8 69. f4 Kf7 70. Kh4 Kg8 71. Kg5 Kf7 72. Rb7+ Kg8 73. Nh6+ Kh8 74. Nf7+ Kg8 75.
Ne5 Kh8 76. f5 Kg8 77. f6 Kh8 78. Kh6 Rf8 79. Rh7+ Kg8 80. Rg7+ Kh8 81. Ng6# 1-0

[Event "*** Titled Tuesday Blitz"]
[Site "Chess.com"]
[Date "2020.04.14"]
[Round "7"]
[White "diskeleven"]
[Black "AcostaPablo"]
[Result "0-1"]
[WhiteElo "2328"]
[BlackElo "2499"]
[TimeControl "180+1"]
[EndTime "11:15:49 PDT"]
[Termination "AcostaPablo won by resignation"]

1. d4 Nf6 2. c4 e6 3. Nc3 Bb4 4. Nf3 O-O 5. Bg5 h6 6. Bh4 d5 7. cxd5 exd5 8. e3 c6 9. Bd3 Bg4 10. Qc2 Nbd7 11. h3 Bh5 12. g4 Bg6 13. Bxg6 fxg6 14. Qxg6 Qa5 15. O-O Bxc3 16. bxc3 Rae8 17. g5 hxg5 18. Nxg5 Qxc3 19. Kh1 Re7 20. Rg1 Rfe8 21. Ne6 Qxa1 22. Rxa1 Rxe6 23. Rg1 R8e7 24. Qf5 Kf8 25. Bg5 Kf7 26. h4 Nf8 27. h5 Nh7 28. Bf4 Ke8 29.
a4 Nf8 30. a5 a6 31. Be5 Rf7 32. Qh3 Ke7 33. Rg3 Ne4 34. Kg1 Nxg3 35. Qxg3 g6 36. h6 Nh7 37. Bf4 Rf5 38. Qg4 Kf6 39. Kf1 Rh5 40. Bg3 Rxh6 41. Qf3+ Kg7 42. Qf4 Rf6 43. Qc7+ Rf7 44. Be5+ Kg8 45. Qc8+ Nf8 46. Qd8 Rh5 47. Ke2 g5 48. Bg3 Kg7 49. Qc8 Rh6 50. Be5+ Kh7 51. Qg4 Kg6 52. f4 Rh5 53. Kd3 Rf5 54. Qg1 Ne6 55.
Qb1 Rh3 56. Qxb7 gxf4 57. Qxc6 Rxe3+ 58. Kd2 Rexe5 59. dxe5 Rxe5 60. Kd3 f3 61. Qe8+ Kf5 62. Qf7+ Kg4 63. Qg6+ Ng5 64. Kd4 Rf5 65. Qxa6 f2 66. Qf1 Kg3 67. Qd3+ Rf3 68. Qf1 Ne4 69. Kxd5 Nd2 70. Qa6 f1=Q 71. Qg6+ Kf2 0-1

[Event "*** Titled Tuesday Blitz"]
[Site "Chess.com"]
[Date "2020.04.14"]
[Round "7"]
[White "ristingho"]
[Black "Vesper2018"]
[Result "1/2-1/2"]
[WhiteElo "2460"]
[BlackElo "1878"]
[TimeControl "180+1"]
[EndTime "11:15:51 PDT"]
[Termination "Game drawn - insufficient material"]

1. d4 Nf6 2. c4 g6 3. Nc3 Bg7 4. e4 d6 5. h3 O-O 6. Be3 e5 7. d5 Na6 8. g4 c6 9. Nge2 cxd5 10. cxd5 Nc5 11. Ng3 Bd7 12. Qd2 a5 13. f3 b5 14. Rc1 b4 15. Nd1 Rc8 16. Be2 Ne8 17. h4 f5 18. gxf5 gxf5 19. exf5 Bxf5 20. h5 Qd7 21. h6 Bf6 22. Nh5 Kh8 23. Nf2 Nc7 24. Nxf6 Rxf6 25. Bxc5 dxc5 26. Rxc5 Rd6 27. Ne4 Rxd5 28.
Rxd5 Qxd5 29. Qxd5 Nxd5 30. Rh5 Ne7 31. Kd2 Kg8 32. Rg5+ Kf8 33. b3 Rc6 34. Rh5 Rg6 35. Bc4 Rg2+ 36. Ke3 Rxa2 37. Nd6 Bg6 38. Rxe5 Ra1 39.
Rb5 Nc6 40. Rc5 Ne7 41. Rb5 Nc6 42. Rb6 Ne5 43. Rb8+ Ke7 44. Nc8+ Kf6 45. Rb6+ Kf5 46. Ne7+ Kg5 47. Nxg6 Nxg6 48. Bg8 Kxh6 49. Rb7 Re1+ 50. Kf2 Rb1 51. Bxh7 Rxb3 52. Bg8 Rb2+ 53. Kg3 Ne5 54. f4 Nd3 55. f5 Rb1 56. f6 Rf1 57. f7 Ne5 58.
Rb6+ Kg7 59. Rb5 Nxf7 60. Bxf7 Rxf7 61. Rxa5 Rb7 62. Kf3 b3 63. Ra1 Kf6 64. Rb1 Ke5 65.
Ke3 Kd5 66. Kd3 Kc5 67. Kc3 b2 68. Rxb2 Rxb2 69. Kxb2 1/2-1/2

[Event "*** Titled Tuesday Blitz"]
[Site "Chess.com"]
[Date "2020.04.14"]
[Round "7"]
[White "TengisChess"]
[Black "wnstop"]
[Result "0-1"]
[WhiteElo "2397"]
[BlackElo "2573"]
[TimeControl "180+1"]
[EndTime "11:16:01 PDT"]
[Termination "wnstop won by checkmate"]

1. Nf3 Nf6 2. c4 g6 3. g3 Bg7 4. Bg2 O-O 5. O-O d6 6. Nc3 Nc6 7. d4 Bf5 8. Bg5 Ne4 9. Nd5 Nxg5 10. Nxg5 e6 11. Nc3 Qxg5 12. f4 Qh5 13. d5 Nd4 14.
e3 Nc2 15. e4 Qxd1 16. Raxd1 Bg4 17. Rd3 Nb4 18. Rd2 exd5 19. cxd5 c5 20. dxc6 Nxc6 21. Rxd6 Rfd8 22. Rxd8+ Rxd8 23. e5 Rd2 24. h3 Be6 25.
Ne4 Rxb2 26. a4 Bf8 27. Rd1 Kg7 28. Nf6 g5 29. Be4 Bc5+ 30. Kh1 gxf4 31. gxf4 Bxh3 32. Nxh7 Re2 33. Ng5 Bg4 34. Rd5 Be3 35. Bd3 Rd2 36. e6 fxe6 37. Rd6 Rxd3 38. Rxd3 Bxf4 39.
Rd7+ Kf6 40. Ne4+ Ke5 41. Nc5 Bf3+ 42. Kg1 Be3+ 43. Kf1 Bxc5 44. Rxb7 Nd4 45. Rc7 Kd6 46. Rc8 Be2+ 47. Ke1 Ba6 48. Rd8+ Ke5 49. Rh8 Bc4 50.
Rh5+ Kd6 51. Rh7 Bb3 52. Kd2 Bxa4 53. Kc3 Nb5+ 54. Kc4 Na3+ 55. Kc3 Bc6 56. Rh8 Nb5+ 57. Kb3 Nd4+ 58. Ka2 Bd5+ 59. Kb2 a5 60. Rd8+ Ke5 61. Rh8 Bb4 62. Rh5+ Nf5 63. Rh8 a4 64. Ka1 a3 65. Kb1 Bc3 66. Ra8 Bxa8 67. Ka2 Bb4 68. Kb3 Be7 69. Kc2 a2 70. Kb2 Bd5 71. Kc3 a1=Q+ 72. Kd3 Qa3+ 73. Ke2 Bc4+ 74. Kd1 Qd3+ 75. Kc1 Ba3# 0-1

[Event "*** Titled Tuesday Blitz"]
[Site "Chess.com"]
[Date "2020.04.14"]
[Round "7"]
[White "KarstenHansch"]
[Black "Toro1234"]
[Result "0-1"]
[WhiteElo "2449"]
[BlackElo "2633"]
[TimeControl "180+1"]
[EndTime "11:16:02 PDT"]
[Termination "Toro1234 won by resignation"]

1. e4 c5 2. Nf3 d6 3. Bb5+ Bd7 4. Bxd7+ Qxd7 5. c4 Nc6 6. Nc3 g6 7. d4 cxd4 8. Nxd4 Bg7 9. Be3 Nf6 10. f3 O-O 11. O-O a6 12. Qd3 Rfc8 13. b3 b5 14. cxb5 Ne5 15. Qd2 d5 16. Nc6 Nxc6 17. bxc6 Rxc6 18.
Nxd5 Nxd5 19. exd5 Rd6 20. Rad1 Rd8 21. Qa5 Rxd5 22.
Rxd5 Qxd5 23. Qxa6 Ra8 24. Qe2 h5 25. Rd1 Qa5 26.
a4 Bf6 27. Qc4 h4 28. Qd5 Qa6 29. Bd4 h3 30. Bxf6 exf6 31. gxh3 Re8 32. Qd3 Qb6+ 33. Kg2 Kg7 34. h4 Re3 35. Qb5 Qe6 36. Rd2 Rxb3 37. Qd5 Qe3 38. a5 Ra3 39. Ra2 Rd3 40. Qe4 Rd2+ 41. Rxd2 Qxd2+ 42. Kg3 Qxa5 43. Qd3 Qe5+ 44.
f4 Qa1 45. Kg2 Qe1 46. Qg3 Qe2+ 47. Qf2 Qe4+ 48. Kg3 f5 49. Qb2+ Kh7 50. Qf6 Qe3+ 51. Kg2 Qe2+ 52. Kg3 Qg4+ 53. Kf2 Qxf4+ 54. Kg2 Qe4+ 55.
Kg3 Qe6 56. Qd8 Qe3+ 57. Kg2 Qc3 58. h5 Qc6+ 59. Kf2 gxh5 60. Qg5 Qg6 61. Qe7 f4 62. Qe5 Qg4 63. Qf6 Kg8 64. Qd8+ Kg7 65. Qd4+ f6 66. Qa7+ Kg6 67. Qb8 Qe6 68. Qf8 Qe3+ 69. Kf1 f3 70. Qg8+ Kf5 71. Qd5+ Qe5 72. Qd3+ Kg5 73.
Qd2+ Kg4 74. Qb4+ Kh3 75. Kf2 Qe2+ 0-1

[Event "*** Titled Tuesday Blitz"]
[Site "Chess.com"]
[Date "2020.04.14"]
[Round "7"]
[White "northridgehawk"]
[Black "Chigorinetz"]
[Result "1-0"]
[WhiteElo "2295"]
[BlackElo "2437"]
[TimeControl "180+1"]
[EndTime "11:16:03 PDT"]
[Termination "northridgehawk won by resignation"]

1. e4 c5 2. Nf3 Nc6 3. d4 cxd4 4.
Nxd4 g6 5. c4 Bg7 6. Be3 Nf6 7.
Nc3 Ng4 8. Qxg4 Nxd4 9. Qd1 Ne6 10.
Be2 Qa5 11. Qd2 Bxc3 12. bxc3 b6 13. O-O Bb7 14. f3 d6 15. Rab1 Rc8 16. Rb5 Qa3 17. Rfb1 Bc6 18. R5b3 Qa5 19. Bd4 f6 20. Qb2 Qg5 21.
Kh1 Kf7 22. Rf1 h5 23. Bd1 h4 24. Qf2 Qf4 25. Ra3 Rc7 26. Be3 Qe5 27. Bc2 g5 28.
Rb3 Ba8 29. Rb5 Qxc3 30. Bb3 Rxc4 31. Rf5 Rhc8 32. h3 Qd3 33. Bxg5 Nxg5 34. Rd1 Qc3 35. Qxh4 Ke8 36. Qg4 Qe3 37. Bxc4 Rxc4 38. h4 Nxe4 39. fxe4 Bxe4 40. Qg8+ Kd7 41. Rff1 Qe2 42. Rfe1 Bxg2+ 43. Qxg2 Qxg2+ 44. Kxg2 Rxh4 45. Re2 b5 46. Rde1 e5 47. Rd1 Rc4 48. Red2 Rc6 49. Kf3 Ke6 50. Ke4 f5+ 51. Ke3 b4 52. Rh1 Rc3+ 53.
Ke2 e4 54. Rh6+ Ke5 55. Rhxd6 b3 56. axb3 Rxb3 57. R2d5+ Kf4 58. Ra5 Rh3 59. Rxa7 Rh2+ 60. Kd1 Kf3 61. Rf7 f4 62. Rdf6 Ke3 63. Rxf4 Ra2 64.
Rf1 Rb2 65. Re1+ Kd3 66. Rd7+ Kc3 67. Rxe4 Rb1+ 68. Ke2 Rb5 69. Rd3+ Kc2 70. Rf3 Rc5 71. Kf2 Kd2 72. Re2+ Kd1 73. Re8 Rc2+ 74. Kg1 Rd2 75. Rf1+ Kc2 76. Rc8+ Kd3 77. Rd8+ Ke3 78. Rxd2 1-0

[Event "*** Titled Tuesday Blitz"]
[Site "Chess.com"]
[Date "2020.04.14"]
[Round "7"]
[White "Kobalia"]
[Black "BillieKimbah"]
[Result "1-0"]
[WhiteElo "2680"]
[BlackElo "2815"]
[TimeControl "180+1"]
[EndTime "11:16:04 PDT"]
[Termination "Kobalia won by checkmate"]

1. e4 d6 2. d4 g6 3. Nf3 Bg7 4. Bc4 c6 5. Bb3 Nf6 6. Qe2 O-O 7. Nbd2 a5 8. a4 Qc7 9. O-O e5 10. dxe5 dxe5 11. Nc4 Nbd7 12. Rd1 Nc5 13. Ncxe5 Nxb3 14. cxb3 Re8 15. h3 Be6 16. Bf4 Bxb3 17. Rd3 Bc4 18.
Nxc4 Qxf4 19. Nd6 Re6 20. e5 Nd7 21. Rd4 Bxe5 22. Rxf4 Bxf4 23. Ne4 Nc5 24. g3 Rxe4 25. Qc2 Bd6 26. Rd1 Bf8 27. Ng5 Re5 28. f4 Ree8 29.
f5 Rad8 30. Rxd8 Rxd8 31. Qc4 Rd5 32. fxg6 hxg6 33. h4 Nd3 34. Qe4 Ne5 35. Kg2 Rd2+ 36. Kh3 Rd5 37. b3 Bg7 38. Qe1 Rd3 39. Qe4 Rxb3 40.
Qd4 Rd3 41. Qa7 Nf3 42. Qa8+ Bf8 43. Nh7 Kxh7 44. Qxf8 Ne5 45. Qe7 Re3 46. Qxb7 Kg7 47. Qa7 Re4 48. Qxa5 Ng4 49. Qc3+ Kh7 50. Qxc6 f5 51.
Qb7+ Kh6 52. Qa8 Kh7 53. Qa7+ Kh6 54. Qa8 Kh7 55. Qa6 Re1 56. Qa7+ Kh6 57. Qa8 Kh7 58.
Qa6 Rd1 59. h5 Rh1+ 60. Kg2 Rxh5 61. a5 Rh2+ 62. Kg1 Rd2 63. Qb7+ Kh6 64. a6 Rd1+ 65. Kg2 Rd2+ 66. Kf1 Ne3+ 67. Ke1 Ra2 68. a7 Rc2 69. Qb6 Nd5 70. Qd4 Ra2 71. Qh8+ Kg5 72. Qh4# 1-0

[Event "*** Titled Tuesday Blitz"]
[Site "Chess.com"]
[Date "2020.04.14"]
[Round "7"]
[White "josmito10"]
[Black "Jenia84"]
[Result "1-0"]
[WhiteElo "2754"]
[BlackElo "2362"]
[TimeControl "180+1"]
[EndTime "11:16:09 PDT"]
[Termination "josmito10 won on time"]

1. d4 Nf6 2. c4 e6 3. g3 d5 4.
Nf3 Bb4+ 5. Bd2 Bd6 6. Bg2 O-O 7.
O-O c6 8. Qc2 Nbd7 9. Bg5 h6 10.
Bxf6 Qxf6 11. Nbd2 Bc7 12. e4 dxc4 13. Nxc4 e5 14.
d5 Nb6 15. Nxb6 axb6 16. Rfc1 Bd7 17. Nd2 Rac8 18. a4 Bd6 19. Nc4 Bc5 20. Qd2 Bd4 21. Ne3 Rfd8 22. Rc4 Qg5 23. Rac1 cxd5 24. Rxc8 Rxc8 25. Rxc8+ Bxc8 26. exd5 Bd7 27. b3 b5 28. a5 b4 29. h4 Qe7 30. Nc4 Qc5 31. d6 Bb5 32.
Bxb7 Bxc4 33. d7 Qc7 34. bxc4 Qxd7 35. Qxb4 Qf5 36. Qe1 Bxf2+ 37. Qxf2 Qb1+ 38. Kh2 Qxb7 39. Qa2 e4 40. a6 Qa8 41. a7 e3 42. c5 e2 43.
Qxe2 Qxa7 44. c6 Qc7 45. Qe8+ Kh7 46. Qd7 Qe5 47. c7 Qe2+ 48. Kh3 Qf1+ 49. Kg4 h5+ 50. Kxh5 Qf3+ 51. g4 g6+ 52. Kg5 Qe3+ 53. Kf6 Qf4+ 54. Ke7 Kg7 55. Qd6 Qe4+ 56. Kd8 Qxg4 57. c8=Q Qxh4+ 58. Qe7 Qd4+ 59. Ke8 Qa4+ 60. Kd8 Qd4+ 61. Kc7 Qc4+ 62.
Kb8 Qb5+ 63. Qeb7 Qe5+ 64. Qcc7 Qe8+ 65. Ka7 Qa4+ 66. Qa6 Qd4+ 67. Kb7 Qd5+ 68. Qcc6 Qb3+ 69. Qab5 1-0